[ AOE2 MATCH · #507295195 ]
UnrankedKoreans vs Muisca
Player's team · WIN
Rival team · LOSS
[ REPLAY ANALYSIS · EXTRACTED FROM THE RECORDED GAME ]
Feudal
28:00
Castle
49:51
Imperial
66:13
| APM avg | 63.5 |
| APM peak | 128 |
| eAPM avg | 36.1 |
| Villagers / military | 164 / 127 |
Focus
⚔️ 32.4% · 🌾 67.6%
Skirmisher ×42 · Scout Cavalry ×29 · War Wagon ×24 · Spearman ×12 · Knight ×11 · Trebuchet (Packed) ×7
Feudal
34:48
Castle
59:23
Imperial
67:36
| APM avg | 47.7 |
| APM peak | 107 |
| eAPM avg | 20.2 |
| Villagers / military | 204 / 7 |
Focus
⚔️ 32.2% · 🌾 67.8%
Unknown (2562) ×44 · Unknown (2550) ×43 · Spearman ×4 · Trebuchet (Packed) ×2 · Battering Ram ×1
Match map
Initial resources + every placement click. Lines = walls · curves = elevation contours. ◆ gold · ⬟ stone · ● berries · ✦ relic · ◌ wall gap
Your base· Open — 4t gap
Henry's base· Open — 1t gap
Smoothed initial terrain · ◌ = detected wall gap · hover for details
Inputs per minute
— 其色孤白 - - Henry
Build order — 其色孤白
First 150 of 421 actions detected
| 0:00 | Queue | Villager (Male) |
| 0:01 | Queue | Villager (Male) |
| 0:02 | Build | House |
| 0:03 | Build | House |
| 0:07 | Queue | Villager (Male) |
| 0:07 | Queue | Villager (Male) |
| 0:08 | Queue | Villager (Male) |
| 1:24 | Queue | Villager (Male) |
| 1:52 | Queue | Villager (Male) |
| 2:13 | Queue | Villager (Male) |
| 2:44 | Queue | Villager (Male) |
| 3:10 | Build | Lumber Camp |
| 3:24 | Queue | Villager (Male) |
| 3:24 | Queue | Villager (Male) |
| 3:27 | Queue | Villager (Male) |
| 3:27 | Queue | Villager (Male) |
| 4:18 | Build | House |
| 4:21 | Queue | Villager (Male) |
| 4:21 | Queue | Villager (Male) |
| 4:21 | Queue | Villager (Male) |
| 4:22 | Queue | Villager (Male) |
| 4:53 | Research | Loom |
| 5:10 | Queue | Villager (Male) |
| 5:39 | Queue | Villager (Male) |
| 5:40 | Queue | Villager (Male) |
| 6:06 | Queue | Villager (Male) |
| 6:07 | Queue | Villager (Male) |
| 7:12 | Queue | Villager (Male) |
| 7:12 | Queue | Villager (Male) |
| 7:13 | Queue | Villager (Male) |
| 7:40 | Queue | Villager (Male) |
| 7:40 | Queue | Villager (Male) |
| 7:40 | Queue | Villager (Male) |
| 9:15 | Queue | Villager (Male) |
| 9:15 | Queue | Villager (Male) |
| 9:26 | Build | House |
| 9:41 | Queue | Villager (Male) |
| 9:43 | Build | House |
| 10:20 | Queue | Villager (Male) |
| 10:20 | Queue | Villager (Male) |
| 11:14 | Queue | Villager (Male) |
| 11:15 | Queue | Villager (Male) |
| 11:15 | Queue | Villager (Male) |
| 11:44 | Queue | Villager (Male) |
| 11:44 | Queue | Villager (Male) |
| 11:51 | Build | Mill |
| 13:52 | Queue | Villager (Male) |
| 14:27 | Build | Farm |
| 14:29 | Build | Farm |
| 14:30 | Build | Farm |
| 14:43 | Build | Farm |
| 14:43 | Build | Farm |
| 14:43 | Build | Farm |
| 14:44 | Build | Farm |
| 14:44 | Build | Farm |
| 14:44 | Build | Farm |
| 14:44 | Build | Farm |
| 14:54 | Queue | Villager (Male) |
| 16:02 | Queue | Villager (Male) |
| 16:03 | Queue | Villager (Male) |
| 16:03 | Queue | Villager (Male) |
| 16:55 | Queue | Villager (Male) |
| 16:55 | Queue | Villager (Male) |
| 16:55 | Queue | Villager (Male) |
| 16:55 | Queue | Villager (Male) |
| 17:37 | Build | Farm |
| 17:37 | Build | Farm |
| 17:40 | Build | House |
| 17:53 | Queue | Villager (Male) |
| 17:54 | Queue | Villager (Male) |
| 17:54 | Queue | Villager (Male) |
| 17:54 | Queue | Villager (Male) |
| 18:15 | Queue | Villager (Male) |
| 18:40 | Queue | Villager (Male) |
| 19:27 | Queue | Villager (Male) |
| 19:27 | Queue | Villager (Male) |
| 19:27 | Queue | Villager (Male) |
| 19:27 | Queue | Villager (Male) |
| 19:29 | Build | Farm |
| 19:43 | Queue | Villager (Male) |
| 20:03 | Queue | Villager (Male) |
| 20:03 | Queue | Villager (Male) |
| 20:23 | Queue | Villager (Male) |
| 20:49 | Queue | Villager (Male) |
| 20:50 | Queue | Villager (Male) |
| 20:50 | Queue | Villager (Male) |
| 20:57 | Queue | Villager (Male) |
| 21:23 | Build | House |
| 21:24 | Build | House |
| 21:39 | Build | House |
| 21:49 | Queue | Villager (Male) |
| 21:49 | Queue | Villager (Male) |
| 22:22 | Queue | Villager (Male) |
| 22:22 | Queue | Villager (Male) |
| 22:23 | Queue | Villager (Male) |
| 22:28 | Build | Farm |
| 22:38 | Build | Farm |
| 22:38 | Build | Farm |
| 22:38 | Build | Farm |
| 22:38 | Build | Farm |
| 22:38 | Build | Farm |
| 22:49 | Build | Farm |
| 23:11 | Build | House |
| 23:15 | Queue | Villager (Male) |
| 23:54 | Queue | Villager (Male) |
| 23:55 | Queue | Villager (Male) |
| 24:59 | Build | Farm |
| 24:59 | Build | Farm |
| 25:11 | Queue | Villager (Male) |
| 25:11 | Queue | Villager (Male) |
| 25:50 | Research | Feudal Age |
| 26:41 | Queue | Villager (Male) |
| 26:59 | Build | Mining Camp |
| 27:05 | Build | Palisade Wall |
| 27:27 | Build | Palisade Wall |
| 27:28 | Build | Palisade Wall |
| 27:29 | Build | Palisade Wall |
| 28:00 | Age | Feudal Age |
| 28:06 | Build | House |
| 28:14 | Build | Farm |
| 28:21 | Queue | Villager (Male) |
| 28:21 | Queue | Villager (Male) |
| 28:54 | Queue | Villager (Male) |
| 28:59 | Build | Barracks |
| 29:15 | Build | House |
| 29:20 | Queue | Villager (Male) |
| 29:28 | Build | House |
| 29:30 | Build | Palisade Wall |
| 29:33 | Queue | Spearman |
| 29:33 | Queue | Spearman |
| 29:33 | Queue | Spearman |
| 29:36 | Build | House |
| 29:40 | Build | House |
| 29:41 | Build | Palisade Wall |
| 29:48 | Queue | Villager (Male) |
| 29:48 | Queue | Villager (Male) |
| 30:03 | Build | House |
| 30:04 | Build | Palisade Wall |
| 30:20 | Queue | Spearman |
| 30:21 | Queue | Spearman |
| 30:27 | Queue | Villager (Male) |
| 30:37 | Build | Blacksmith |
| 30:55 | Build | Stable |
| 30:58 | Build | Farm |
| 31:02 | Build | Farm |
| 31:05 | Queue | Villager (Male) |
| 31:19 | Queue | Villager (Male) |
| 31:28 | Research | Fletching |
| 31:39 | Build | Farm |
| 31:43 | Queue | Scout Cavalry |
Build order — Henry
First 150 of 481 actions detected
| 0:00 | Queue | Villager (Male) |
| 0:00 | Queue | Villager (Male) |
| 0:00 | Queue | Villager (Male) |
| 0:02 | Build | House |
| 0:02 | Build | House |
| 0:32 | Queue | Villager (Male) |
| 0:32 | Queue | Villager (Male) |
| 1:23 | Queue | Villager (Male) |
| 2:05 | Queue | Villager (Male) |
| 2:28 | Queue | Villager (Male) |
| 2:28 | Queue | Villager (Male) |
| 2:48 | Queue | Villager (Male) |
| 2:48 | Queue | Villager (Male) |
| 3:18 | Queue | Villager (Male) |
| 3:18 | Queue | Villager (Male) |
| 3:18 | Queue | Villager (Male) |
| 3:35 | Queue | Villager (Male) |
| 4:30 | Queue | Villager (Male) |
| 4:30 | Queue | Villager (Male) |
| 4:45 | Build | Palisade Gate |
| 5:09 | Build | Settlement |
| 5:15 | Research | Loom |
| 5:15 | Research | Loom |
| 5:16 | Queue | Villager (Male) |
| 5:16 | Queue | Villager (Male) |
| 5:32 | Queue | Villager (Male) |
| 5:33 | Queue | Villager (Male) |
| 5:33 | Queue | Villager (Male) |
| 6:20 | Queue | Villager (Male) |
| 6:20 | Queue | Villager (Male) |
| 6:32 | Queue | Villager (Male) |
| 6:32 | Queue | Villager (Male) |
| 7:22 | Queue | Villager (Male) |
| 8:15 | Queue | Villager (Male) |
| 8:16 | Queue | Villager (Male) |
| 8:45 | Build | House |
| 9:44 | Queue | Villager (Male) |
| 10:09 | Queue | Villager (Male) |
| 10:52 | Queue | Villager (Male) |
| 11:41 | Queue | Villager (Male) |
| 11:41 | Queue | Villager (Male) |
| 12:04 | Build | Settlement |
| 12:33 | Build | Settlement |
| 13:43 | Queue | Villager (Male) |
| 13:44 | Queue | Villager (Male) |
| 14:09 | Build | Palisade Wall |
| 14:17 | Queue | Villager (Male) |
| 14:18 | Queue | Villager (Male) |
| 14:34 | Build | Palisade Wall |
| 14:34 | Build | Palisade Wall |
| 14:48 | Queue | Villager (Male) |
| 14:48 | Queue | Villager (Male) |
| 15:31 | Queue | Villager (Male) |
| 15:47 | Queue | Villager (Male) |
| 15:47 | Queue | Villager (Male) |
| 16:01 | Build | Palisade Wall |
| 16:04 | Queue | Villager (Male) |
| 16:38 | Queue | Villager (Male) |
| 17:04 | Queue | Villager (Male) |
| 17:04 | Queue | Villager (Male) |
| 17:32 | Queue | Villager (Male) |
| 17:42 | Queue | Villager (Male) |
| 18:09 | Queue | Villager (Male) |
| 18:10 | Queue | Villager (Male) |
| 18:37 | Queue | Villager (Male) |
| 19:38 | Queue | Villager (Male) |
| 19:38 | Queue | Villager (Male) |
| 19:44 | Build | Farm |
| 19:44 | Build | Farm |
| 19:44 | Build | Farm |
| 19:45 | Build | Farm |
| 19:45 | Build | Farm |
| 19:45 | Build | Farm |
| 19:45 | Build | Farm |
| 19:45 | Build | Farm |
| 20:19 | Build | Farm |
| 20:22 | Build | Settlement |
| 21:43 | Queue | Villager (Male) |
| 21:43 | Queue | Villager (Male) |
| 21:43 | Queue | Villager (Male) |
| 21:43 | Queue | Villager (Male) |
| 21:58 | Build | Settlement |
| 22:14 | Queue | Villager (Male) |
| 22:15 | Queue | Villager (Male) |
| 22:38 | Build | House |
| 22:39 | Build | House |
| 22:40 | Build | House |
| 22:42 | Build | House |
| 22:44 | Build | House |
| 22:59 | Queue | Villager (Male) |
| 22:59 | Queue | Villager (Male) |
| 22:59 | Queue | Villager (Male) |
| 23:14 | Queue | Villager (Male) |
| 23:15 | Queue | Villager (Male) |
| 23:15 | Queue | Villager (Male) |
| 25:00 | Queue | Villager (Male) |
| 25:00 | Queue | Villager (Male) |
| 25:57 | Queue | Villager (Male) |
| 25:58 | Queue | Villager (Male) |
| 25:58 | Queue | Villager (Male) |
| 26:00 | Build | Farm |
| 26:01 | Build | Farm |
| 26:44 | Queue | Villager (Male) |
| 26:45 | Queue | Villager (Male) |
| 26:46 | Build | Farm |
| 26:48 | Build | Farm |
| 26:56 | Queue | Villager (Male) |
| 26:56 | Queue | Villager (Male) |
| 27:36 | Queue | Villager (Male) |
| 27:37 | Queue | Villager (Male) |
| 27:39 | Build | Farm |
| 29:19 | Build | Town Center |
| 30:19 | Queue | Villager (Male) |
| 30:21 | Build | Settlement |
| 30:30 | Queue | Villager (Male) |
| 30:30 | Queue | Villager (Male) |
| 30:30 | Queue | Villager (Male) |
| 30:49 | Queue | Villager (Male) |
| 30:55 | Queue | Villager (Male) |
| 30:55 | Queue | Villager (Male) |
| 30:55 | Queue | Villager (Male) |
| 31:02 | Build | Settlement |
| 31:30 | Build | Palisade Wall |
| 31:33 | Build | Palisade Wall |
| 31:53 | Build | Palisade Wall |
| 31:56 | Build | Palisade Wall |
| 32:01 | Queue | Villager (Male) |
| 32:01 | Queue | Villager (Male) |
| 32:01 | Queue | Villager (Male) |
| 32:22 | Build | Palisade Wall |
| 32:38 | Research | Feudal Age |
| 32:38 | Queue | Villager (Male) |
| 32:39 | Queue | Villager (Male) |
| 32:40 | Queue | Villager (Male) |
| 32:40 | Queue | Villager (Male) |
| 33:26 | Queue | Villager (Male) |
| 34:12 | Build | Farm |
| 34:33 | Queue | Villager (Male) |
| 34:34 | Queue | Villager (Male) |
| 34:48 | Age | Feudal Age |
| 35:06 | Queue | Villager (Male) |
| 35:33 | Queue | Villager (Male) |
| 35:33 | Queue | Villager (Male) |
| 35:33 | Queue | Villager (Male) |
| 35:34 | Queue | Villager (Male) |
| 36:16 | Queue | Villager (Male) |
| 36:16 | Queue | Villager (Male) |
| 36:17 | Queue | Villager (Male) |
| 36:53 | Build | Settlement |
| 36:56 | Build | House |
Match timeline
| 14:09 | Henry · wall_segment Palisade Wall x1 |
| 14:34 | Henry · wall_segment Palisade Wall x1 |
| 14:34 | Henry · wall_segment Palisade Wall x1 |
| 16:01 | Henry · wall_segment Palisade Wall x1 |
| 27:05 | 其色孤白 · wall_segment Palisade Wall x4 |
| 27:27 | 其色孤白 · wall_segment Palisade Wall x1 |
| 27:28 | 其色孤白 · wall_segment Palisade Wall x1 |
| 27:29 | 其色孤白 · wall_segment Palisade Wall x1 |
| 28:00 | 其色孤白 · age_up feudal |
| 28:59 | 其色孤白 · first_building Barracks |
| 29:30 | 其色孤白 · wall_segment Palisade Wall x1 |
| 29:41 | 其色孤白 · wall_segment Palisade Wall x1 |
| 30:04 | 其色孤白 · wall_segment Palisade Wall x1 |
| 30:55 | 其色孤白 · first_building Stable |
| 31:30 | Henry · wall_segment Palisade Wall x19 |
| 31:33 | Henry · wall_segment Palisade Wall x12 |
| 31:53 | Henry · wall_segment Palisade Wall x10 |
| 31:56 | Henry · wall_segment Palisade Wall x12 |
| 32:22 | Henry · wall_segment Palisade Wall x1 |
| 34:48 | Henry · age_up feudal |
| 38:31 | Henry · wall_segment Palisade Wall x1 |
| 38:35 | Henry · wall_segment Palisade Wall x1 |
| 41:44 | 其色孤白 · wall_segment Palisade Wall x1 |
| 41:47 | 其色孤白 · wall_segment Stone Wall x3 |
| 42:16 | Henry · wall_segment Palisade Wall x1 |
| 42:59 | Henry · first_building Barracks |
| 45:35 | Henry · wall_segment Palisade Wall x4 |
| 45:41 | Henry · wall_segment Palisade Wall x5 |
| 46:13 | 其色孤白 · first_market_sell 500 wood |
| 46:15 | 其色孤白 · first_market_buy 100 food |
| 46:20 | Henry · wall_segment Palisade Wall x1 |
| 46:21 | Henry · wall_segment Palisade Wall x1 |
| 47:00 | Henry · wall_segment Palisade Wall x2 |
| 48:24 | 其色孤白 · wall_segment Stone Wall x7 |
| 48:29 | 其色孤白 · wall_segment Stone Wall x6 |
| 48:32 | 其色孤白 · wall_segment Stone Wall x3 |
| 48:38 | 其色孤白 · wall_segment Stone Wall x14 |
| 49:51 | 其色孤白 · age_up castle |
| 50:42 | 其色孤白 · wall_segment Stone Wall x3 |
| 51:01 | 其色孤白 · first_building Castle |
| 55:33 | Henry · wall_segment Stone Wall x12 |
| 55:35 | Henry · wall_segment Stone Wall x1 |
| 55:40 | Henry · wall_segment Stone Wall x6 |
| 55:46 | Henry · wall_segment Stone Wall x7 |
| 59:23 | Henry · age_up castle |
| 59:24 | Henry · wall_segment Stone Wall x16 |
| 59:50 | Henry · first_market_sell 100 food |
| 59:51 | Henry · first_market_buy 100 stone |
| 59:55 | Henry · first_building Castle |
| 59:58 | 其色孤白 · first_building Siege Workshop |
| 60:06 | Henry · first_building Archery Range |
| 60:31 | Henry · wall_segment Stone Wall x4 |
| 63:49 | Henry · first_building Monastery |
| 66:13 | 其色孤白 · age_up imperial |
| 67:36 | Henry · age_up imperial |
| 69:02 | Henry · first_building Siege Workshop |
| 69:43 | 其色孤白 · first_building Archery Range |
| 75:22 | Henry · resign |
[ AI ANALYSIS · 1 CREDIT ]
What really happened in this match?
Wolo.gg analyzes every decision: build order, eco, micro, common mistakes by bracket. Personalized analysis on WhatsApp or Discord in 30 seconds.
Civ guide
Koreans
Perfil
Jugador #9237333